 Dungeon Crawl Stone Soup version 0.31.0-32-g396128a36d (webtiles) character file.

Game seed: 7494868736843727045

4740 hawla the Cruncher (level 10, -11/56 HPs)
             Began as a Deep Elf Fire Elementalist on Mar 12, 2024.
             Was a Believer of Vehumet.
             Mangled by a death knight
             ... wielding a +1 great mace
              (24 damage)
             ... on level 8 of the Dungeon.
             The game lasted 00:30:36 (9644 turns).

hawla the Cruncher (Deep Elf Fire Elementalist)     Turns: 9644, Time: 00:30:38

Health: -11/56     AC:  6    Str:  7    XL:     10   Next: 22%
Magic:  9/19       EV: 14    Int: 21    God:    Vehumet [**....]
Gold:   543        SH:  5    Dex: 15    Spells: 10/21 levels left

rFire   . . .        k - staff of earth
rCold   . . .        m - +0 buckler
rNeg    . . .        a - +1 robe
rPois   .            (no helmet)
rElec   .            (no cloak)
rCorr   .            u - +0 pair of gloves
SInv    .            (no boots)
Will    +....        (no amulet)
Stlth   +++          q - +4 ring of slaying
HPRegen 0.29/turn    (no ring)
MPRegen 0.16/turn

%: no passive effects
@: no status effects
A: iridescent scales 1, dopey 1, low MP 1
a: Renounce Religion


You were on level 8 of the Dungeon.
You worshipped Vehumet.
Vehumet was pleased with you.
You visited 2 branches of the dungeon, and saw 9 of its levels.

You collected 543 gold pieces.

Inventory:

Armour
 a - a +1 robe (worn)
 m - a +0 buckler (worn)
 u - a +0 pair of gloves (worn)
Magical Staves
 e - a staff of air
 k - a staff of earth (weapon)
 l - a staff of cold
Jewellery
 q - a +4 ring of slaying (left hand)
Wands
 d - a wand of roots (8)
 h - a wand of digging (8)
 n - a wand of flame (57) (quivered)
 o - a wand of quicksilver (4)
Scrolls
 c - 4 scrolls of amnesia
 p - a scroll of enchant weapon
 r - a scroll of identify
Potions
 b - a potion of magic
 f - 3 potions of heal wounds
 g - 4 potions of curing
 i - 4 potions of brilliance
 j - 4 potions of enlightenment
 s - a potion of resistance
 t - a potion of lignification {unknown}


   Skills:
 - Level 3.0 Fighting
 - Level 9.1 Staves
 - Level 6.0 Dodging
 - Level 5.0 Stealth
 - Level 5.0 Shields
 - Level 6.0 Spellcasting
 - Level 1.7 Conjurations
 - Level 4.0 Hexes
 - Level 8.0 Fire Magic
 - Level 1.0 Ice Magic
 - Level 1.0 Air Magic
 - Level 1.0 Earth Magic
 + Level 5.5 Evocations


You had 10 spell levels left.
You knew the following spells:

 Your Spells              Type           Power      Damage    Failure   Level
a - Foxfire               Conj/Fire      100%       2x1d9     1%          1
b - Scorch                Fire           80%        2d8       1%          2
c - Flame Wave            Conj/Fire      26%        2d8       21%         4
d - Cause Fear            Hex            11%        N/A       28%         4

Your spell library contained the following spells:

 Spells                   Type           Power      Damage    Failure   Level
 Mephitic Cloud           Conj/Alch/Air  10%        N/A       30%         3
 Inner Flame              Hex/Fire       31%        N/A       3%          3
 Volatile Blastmotes      Fire/Tloc      46%        2d13      9%          3
 Freeze                   Ice            40%        1d6       10%         1
 Hailstorm                Conj/Ice       12%        3d6       26%         3
 Frozen Ramparts          Ice            20%        1d4       28%         3
 Anguish                  Hex/Necr       7%         N/A       54%         4
 Enfeeble                 Hex            11%        N/A       100%        7


Dungeon Overview and Level Annotations

Branches:
Dungeon (8/15)             Temple (1/1) D:5            Lair (0/5) D:8

Altars:
Ashenzari
Cheibriados
Dithmenos
Elyvilon
Fedhas
Gozag
Hepliaklqana
Kikubaaqudgha
Makhleb
Nemelex Xobeh
Okawaru
Qazlal
Ru
Sif Muna
Trog
Uskayaw
Vehumet
Wu Jian
Xom
Yredelemnul
Zin
The Shining One

Shops:
D:8 !

Annotations:
D:3 3 runed translucent doors, Consumeair16's ghost, amateur MfFi


Innate Abilities, Weirdness & Mutations

You are partially covered in iridescent scales. (AC +2)
You are dopey. (Int -2)
Your magical capacity is low. (-10% MP)


Message History

Confirm with . or Enter, or press ? or * to list all spells.
Flames lash the centaur.
The centaur is burned terribly!
You kill the centaur!
Vehumet accepts your kill.
You see here a +0 orcbow of draining.
You see here a +0 orcbow of draining.
You now have 543 gold pieces (gained 10).
Found acid dragon scales.
A death knight comes into view. It is wielding a +1 great mace.
The death knight shouts!
A death knight is nearby!
A death knight is nearby!
Casting: Scorch (safe; 1% risk of failure)
Confirm with . or Enter, or press ? or * to list all spells.
Flames lash the death knight.
The death knight is lightly wounded.
The death knight's fire resistance burns away.
Casting: Scorch (safe; 1% risk of failure)
Confirm with . or Enter, or press ? or * to list all spells.
Flames lash the death knight.
The death knight is burned terribly!
The death knight is lightly wounded.
The death knight offers itself to Yredelemnul, and fills with unholy energy.
Casting: Scorch (safe; 1% risk of failure)
Confirm with . or Enter, or press ? or * to list all spells.
Flames lash the death knight.
The death knight is burned terribly!
The death knight is heavily wounded.
The death knight reflects your damage back at you!
The death knight hits you with a +1 great mace!!
Ouch! That really hurt!
* * * LOW HITPOINT WARNING * * *
A manticore comes into view.
Okay, then.
Casting: Scorch (safe; 1% risk of failure)
Confirm with . or Enter, or press ? or * to list all spells.
Casting: Cause Fear (quite dangerous; 28% risk of failure)
Press: ? - help, Dir - look around, f - activate Look: a death knight, wielding a +1 great mace and wearing a +0 chain mail (heavily wounded, reflecting injuries, more vulnerable to fire, chance to affect: 15%)
The manticore resists with some effort.
The death knight easily resists.
The death knight hits you with a +1 great mace!!
You die...

#.#..##.....## .....##.
#...##.#####.## ......## #..##.##
##.######......# #..#.##
##.##.⌠####.... #..#.#
#.#...#..###.. #....#
H#...##.._..... ## #..#.#
#.#.#...#..###.. .### #..#.##
###p##.#..8####....
...####..##.###.@##.######......#
.....B....##.#.###.## #.......##
.#.####....##.##..## ##.....##.
.#.####.)#..###.### ###.###..
.....>.....##.....# ##..#..##.
##.#####..##.#####.## ##.##.##.##
...# ..##.#.....#.###..##.##..#
###### #.#.#..###..#.#.##..#..##.
.........#.#.#...#.#.#.##..#..##.


You could see a death knight (reflects damage, combustible) and a manticore.

Vanquished Creatures
  A komodo dragon (D:8)
  2 slime creatures (D:5)
  4 yaks
  An acid dragon (D:8)
  3 orc warriors (D:8)
  A sky beast (D:7)
  An ogre (D:7)
  2 centaurs (D:8)
  3 phantoms
  6 bullfrogs
  6 kobold brigands
  2 scorpions
  3 wights (D:8)
  6 killer bees
  4 howler monkeys
  2 jellies (D:5)
  A bombardier beetle (D:5)
  4 hounds
  4 orc priests
  2 gnoll boudas (D:4)
  4 iguanas
  A sleepcap (D:8)
  7 orc wizards
  7 adders
  9 gnolls
  3 white imps
  4 ufetubi
  4 dart slugs
  4 ribbon worms
  34 orcs
  6 bats
  17 endoplasms
  3 giant cockroaches
  8 goblins
  12 hobgoblins
  A jackal (D:4)
  16 kobolds
  4 quokkas
  6 ball pythons
  2 frilled lizards
  3 rats
213 creatures vanquished.

Vanquished Creatures (others)
  357 foxfires
357 creatures vanquished.

Grand Total: 570 creatures vanquished

Notes
Turn   | Place    | Note
-------+----------+-------------------------------------------
     0 | D:1      | hawla the Deep Elf Fire Elementalist began the quest for
                  | the Orb.
     0 | D:1      | Reached XP level 1. HP: 10/10 MP: 6/6
   248 | D:1      | Reached XP level 2. HP: 15/15 MP: 1/8
   741 | D:1      | Learned a level 2 spell: Scorch
   803 | D:1      | Reached XP level 3. HP: 19/19 MP: 7/9
  1272 | D:2      | Reached skill level 1 in Fighting
  1677 | D:2      | Reached XP level 4. HP: 26/26 MP: 3/11
  2378 | D:3      | Found a runed translucent gate.
  2379 | D:3      | Found a runed translucent gate.
  2379 | D:3      | Found an opulent altar of Gozag.
  2380 | D:3      | Found a runed translucent gate.
  2383 | D:3      | Noticed Consumeair16's ghost (amateur MfFi)
  3044 | D:4      | Reached skill level 9 in Staves
  3044 | D:4      | Reached XP level 5. HP: 31/31 MP: 12/12
  3289 | D:4      | Reached XP level 6. HP: 34/36 MP: 5/13
  3447 | D:5      | Entered Level 5 of the Dungeon
  3911 | D:4      | Reached skill level 1 in Air Magic
  3911 | D:4      | Reached skill level 1 in Earth Magic
  4014 | D:4      | Learned a level 4 spell: Flame Wave
  4051 | D:4      | Reached XP level 7. HP: 41/41 MP: 3/14
  4350 | D:4      | Reached skill level 5 in Stealth
  5249 | D:5      | Learned a level 4 spell: Cause Fear
  5374 | D:5      | Found a snail-covered altar of Cheibriados.
  5490 | D:5      | Found a staircase to the Ecumenical Temple.
  5512 | Temple   | Entered the Ecumenical Temple
  5525 | Temple   | Became a worshipper of Vehumet
  5718 | D:5      | Reached skill level 5 in Spellcasting
  5718 | D:5      | Reached XP level 8. HP: 46/46 MP: 4/17
  5885 | D:5      | Noticed a slime creature
  5966 | D:5      | Found a bloodstained altar of Trog.
  5966 | D:5      | Found a hazy altar of Hepliaklqana.
  5966 | D:5      | Found a white marble altar of Elyvilon.
  5966 | D:5      | Found a shimmering blue altar of Sif Muna.
  5966 | D:5      | Found a bloodstained altar of Trog.
  5966 | D:5      | Found a hide-covered altar of Uskayaw.
  5966 | D:5      | Noticed a slime creature
  5973 | D:5      | Reached skill level 5 in Dodging
  5975 | D:5      | Killed a slime creature
  5978 | D:5      | Killed a slime creature
  6280 | D:5      | Reached * piety under Vehumet
  6280 | D:5      | Offered knowledge of Shock by Vehumet.
  6331 | D:6      | Gained mutation: You sometimes lose your temper in combat.
                  | [potion of mutation]
  6331 | D:6      | Gained mutation: You have sharp toenails. [potion of
                  | mutation]
  6332 | D:6      | Lost mutation: You have sharp toenails. [potion of
                  | mutation]
  6332 | D:6      | Lost mutation: You sometimes lose your temper in combat.
                  | [potion of mutation]
  6332 | D:6      | Gained mutation: Your magical capacity is low. (-10% MP)
                  | [potion of mutation]
  6332 | D:6      | Gained mutation: You are dopey. (Int -2) [potion of
                  | mutation]
  6332 | D:6      | Gained mutation: You are partially covered in iridescent
                  | scales. (AC +2) [potion of mutation]
  7163 | D:7      | Reached skill level 1 in Ice Magic
  7164 | D:7      | Reached XP level 9. HP: 45/50 MP: 9/18
  7327 | D:7      | Reached skill level 1 in Shields
  7599 | D:7      | Found a bloodstained altar of Trog.
  7784 | D:7      | Reached ** piety under Vehumet
  7784 | D:7      | Offered knowledge of Static Discharge by Vehumet.
  8541 | D:8      | Noticed a boulder beetle
  8576 | D:8      | Found Vaoxumaf's Distillery.
  8766 | D:8      | Noticed a komodo dragon
  8916 | D:8      | Found a staircase to the Lair.
  8925 | D:8      | Killed a komodo dragon
  8926 | D:8      | Reached skill level 5 in Shields
  9062 | D:8      | Reached XP level 10. HP: 32/56 MP: 8/19
  9078 | D:8      | Offered knowledge of Mephitic Cloud by Vehumet.
  9238 | D:8      | Found a glowing golden altar of the Shining One.
  9329 | D:8      | Found a glowing golden altar of the Shining One.
  9358 | D:8      | Reached skill level 5 in Evocations
  9640 | D:8      | Noticed a death knight
  9643 | D:8      | Noticed a manticore
  9644 | D:8      | Mangled by a death knight

Illustrated notes

Levels and vault maps discovered:
D:1:      lightli_arrival_isolated_outpost, layout_basic
D:2:      minmay_alternating_diamond, layout_loops_ring
D:3:      layout_basic, ebering_ghost_gozag
D:4:      minmay_razor_zed, layout_rooms, nrook_mini_vaults
D:5:      cheibrodos_fertilizer, layout_layer_cave, chei_slow_surprise,
          minmay_temple_entry_purple_smoke
D:6:      layout_gridville
D:7:      layout_basic, bloody_trog
D:8:      minmay_the_grid_octo_2x2 [minmay_the_grid_octo_concentric,
          minmay_the_grid_octo_checkerflower,
          minmay_the_grid_octo_vomiting_pacman,
          minmay_the_grid_octo_prize_single_spiral], layout_loops_ring,
          mainiacjoe_overflow_catwalk, david_lair_shrubbed,
          serial_park_tiny_pond, st_stairs_10, nicolae_stop_n_shop_1
Temple:   compressed_dpeg_triangle_lava_temple

Skill      XL: |  1  2  3  4  5  6  7  8  9 10 |
---------------+-------------------------------+-----
Stealth        | 3 4 5 |  5.0
Fighting       | 1 2 3 |  3.0
Staves         | 9 |  9.1
Fire Magic     | 8 |  8.0
Air Magic      | 1 |  1.0
Earth Magic    | 1 |  1.0
Dodging        | 4 6 |  6.0
Spellcasting   | 5 6 |  6.0
Hexes          | 4 |  4.0
Ice Magic      | 1 |  1.0
Shields        | 5 |  5.0
Evocations     | 2 5 |  5.5
Conjurations   | |  1.7

Action                     |  1- 3 |  4- 6 |  7- 9 | 10-12 || total
---------------------------+-------+-------+-------+-------++-------
  Melee: Unarmed           |    10 |       |       |       ||    10
         Scimitar          |    14 |    17 |       |       ||    31
         Staff             |       |     6 |    27 |     8 ||    41
   Cast: Foxfire           |    44 |    40 |   104 |    19 ||   207
         Scorch            |     9 |    35 |    91 |    12 ||   147
         Flame Wave        |       |     2 |    16 |     2 ||    20
         Cause Fear        |       |       |     1 |     1 ||     2
    Use: Scroll            |     4 |     7 |     8 |       ||    19
         Potion            |       |     5 |     4 |       ||     9
   Stab: Sleeping          |       |     2 |     1 |       ||     3
 Armour: Robe              |    22 |    32 |    71 |    10 ||   135
  Dodge: Dodged            |    34 |    46 |    82 |    11 ||   173
  Block: Buckler           |       |       |    19 |     6 ||    25
